 Dungeon Crawl Stone Soup version 0.27.1-4-g1640c2035a (webtiles) character file.

Game seed: 6348371708873286152

6772 bellerephron the Blocker (level 10, 0/84 HPs)
             Began as a Purple Draconian Fighter on Nov 5, 2021.
             Was a Follower of Dithmenos.
             Slain by Gastronok (18 damage)
             ... on level 9 of the Dungeon.
             The game lasted 00:33:42 (7366 turns).

bellerephron the Blocker (Purple Draconian Fighter) Turns: 7366, Time: 00:33:42

Health: 0/84       AC: 12    Str: 20    XL:     10   Next: 76%
Magic:  13/13      EV: 13    Int: 10    God:    Dithmenos [*.....]
Gold:   197        SH: 12    Dex: 14    Spells: 9/9 levels left

rFire    . . .     SeeInvis .   Q - +0 scimitar (flame)
rCold    . . .     Faith    .   b - +0 kite shield
rNeg     . . .     Spirit   .   (armour unavailable)
rPois    .         Reflect  .   (helmet restricted)
rElec    .         Harm     .   L - +0 cloak
rCorr    .         Rampage  .   y - +2 pair of gloves {Dex+3}
Will     +....                  u - +0 pair of boots
Stlth    ++........             g - amulet of regeneration
HPRegen  1.24/turn              (no ring)
MPRegen  0.13/turn              (no ring)

@: attractive, wreathed by umbra
A: breathe power, AC +7, unfitting armour, cold-blooded
a: Breathe Dispelling Energy, Renounce Religion


You were on level 9 of the Dungeon.
You worshipped Dithmenos.
Dithmenos was aware of your devotion.
You visited 2 branches of the dungeon, and saw 10 of its levels.

You collected 472 gold pieces.
You spent 275 gold pieces at shops.

Inventory:

Hand Weapons
 a - a +3 scimitar
 k - a +1 dagger of freezing
 l - a +4 dagger
 v - a +3 dagger
 C - a +0 rapier
 H - a +0 hunting sling of freezing
 Q - a +0 scimitar of flaming (weapon)
 S - a +4 scimitar
Missiles
 d - 171 stones
 w - 17 poisoned darts
 z - 2 throwing nets
 F - 5 boomerangs
 I - 22 sling bullets
 O - a curare-tipped dart (quivered)
Armour
 b - a +0 kite shield (worn)
 t - a scarf of harm
 u - a +0 pair of boots (worn)
 y - a +2 pair of gloves of dexterity (worn)
 L - a +0 cloak (worn)
Jewellery
 g - an amulet of regeneration (around neck)
 o - an amulet of magic regeneration
 P - a ring of poison resistance
Wands
 j - a wand of mindburst (9)
 A - a wand of iceblast (13)
 B - a wand of polymorph (1)
 E - a wand of acid (5)
 J - a wand of charming (8)
Scrolls
 e - 4 scrolls of amnesia
 f - a scroll of fear {unknown}
 h - 2 scrolls of enchant armour
 i - 2 scrolls of enchant weapon {unknown}
 m - a scroll of blinking
 p - 3 scrolls of fog
 q - 2 scrolls of vulnerability
 x - 2 scrolls of teleportation
Potions
 c - 2 potions of might
 n - a potion of curing
 r - 2 potions of flight
 s - a potion of lignification {unknown}
 D - a potion of mutation {unknown}
 G - a potion of heal wounds {unknown}
 K - 2 potions of cancellation
 N - a potion of brilliance {unknown}


   Skills:
 + Level 6.8 Fighting
 + Level 9.5 Long Blades
 + Level 3.1 Throwing
 + Level 5.9 Dodging
 + Level 2.3 Stealth
 * Level 9.6 Shields
 * Level 5.0 Invocations


You had 9 spell levels left.
You didn't know any spells.
Your spell library contained the following spells:

 Spells                   Type           Power      Damage    Failure   Level
 Animate Skeleton         Necr           0%         N/A       58%         1
 Freeze                   Ice            0%         1d3       58%         1
 Pain                     Necr           0%         1d4       58%         1
 Frozen Ramparts          Ice            0%         1d2       92%         3
 Ozocubu's Armour         Ice            0%         N/A       92%         3
 Stone Arrow              Conj/Erth      0%         3d7       92%         3
 Vampiric Draining        Necr           0%         2d6       92%         3
 Hailstorm                Conj/Ice       0%         3d3       100%        4
 Summon Forest            Summ/Tloc      0%         N/A       100%        5
 Summon Mana Viper        Hex/Summ       0%         N/A       100%        5
 Shadow Creatures         Summ           N/A        N/A       100%        6
 Ozocubu's Refrigeration  Ice            0%         4d5       100%        7
 Lehudib's Crystal Spear  Conj/Erth      0%         10d2      100%        8
 Animate Armour           Summ/Erth      Unusable   N/A       N/A         4

Dungeon Overview and Level Annotations

Branches:
Dungeon (9/15)             Temple (1/1) D:7
   Lair: D:8-11         Orc: D:9-12

Altars:
Ashenzari
Cheibriados
Dithmenos
Elyvilon
Fedhas
Gozag
Hepliaklqana
Kikubaaqudgha
Makhleb
Nemelex Xobeh
Okawaru
Qazlal
Ru
Sif Muna
Trog
Uskayaw
Vehumet
Wu Jian
Xom
Yredelemnul
Zin
The Shining One

Shops:
D:2 !   D:5 *   D:9 *

Annotations:
D:6 1 runed translucent door, Crazy Yiuf
D:9 Gastronok


Innate Abilities, Weirdness & Mutations

You can breathe bolts of dispelling energy.
Your rich purple scales are hard. (AC +7)
You cannot fit into any form of body armour.
You are cold-blooded and may be slowed by cold attacks.


Message History

Unknown command.
Aiming: Corrosive Bolt
Press: ? - help, Shift-Dir - straight line, f/p - Gastronok
Aim: Gastronok, wearing a +1 hat of stealth (moderately wounded, very poisoned, slow, umbra, 100% to hit)
The bolt of acid hits Gastronok!
Gastronok is splashed with acid.
Gastronok is moderately wounded.
Unknown command.
Unknown command.
Aiming: Corrosive Bolt
Press: ? - help, Shift-Dir - straight line, f/p - Gastronok
Aim: Gastronok, wearing a +1 hat of stealth (moderately wounded, very poisoned, slow, umbra, 100% to hit)
The bolt of acid hits Gastronok!
Gastronok is splashed with acid.
Gastronok is heavily wounded.
Gastronok gurgles, "Huuuuuuuuuuungry!"
Gastronok waves his eye-stalks in wide circles.
The air twists around and strikes you!!
Unknown command.
Unknown command.
Unknown command.
Unknown command.
Aiming: Corrosive Bolt
Press: ? - help, Shift-Dir - straight line, f/p - Gastronok
Aim: Gastronok, wearing a +1 hat of stealth (heavily wounded, very poisoned, slow, umbra, 100% to hit)
The bolt of acid hits Gastronok!
Gastronok is splashed with acid.
The acid corrodes Gastronok!
Gastronok is heavily wounded.
You hit Gastronok. You burn Gastronok.
Gastronok is heavily wounded.
Gastronok is no longer moving slowly.
You completely miss Gastronok. You tail-slap Gastronok.
Gastronok is heavily wounded.
Gastronok waves his eye-stalks in wide circles.
The air twists around and strikes you!!
* * * LOW HITPOINT WARNING * * *
Unknown command.
It was a potion of magic.
Magic courses through your body.
It was a potion of attraction.
You feel attractive to monsters. Gastronok bites you!!
You die...

#.# #.#.# ..
.###..[### #.#
#.#.# #.. ##.##
#.# #.#.# #'## #.#
#.# #.# ... #.#
#.# .# ####.#.#
#)# #.. #...
#..###.# ######..
#....#[#
#..>..w#######.).#
#.....@...#....###
#.........#..###
........##.#..#
##............#
##############


You could see Gastronok (poisoned, corroded).

Vanquished Creatures
  Harold (D:8)
  Erica (D:9)
  Maurice (D:9)
  Joseph (D:7)
  2 hornets
  Eustachio (D:6)
  9 yaks (D:9)
  3 water moccasins
  An ice beast (D:7)
  A sky beast (D:6)
  5 centaurs
  A phantom (D:5)
  A kobold brigand (D:5)
  A gnoll sergeant (D:9)
  A bullfrog (D:9)
  2 scorpions
  A water moccasin skeleton (D:4)
  17 wights
  2 howler monkeys
  3 centaur zombies
  A bullfrog zombie (D:6)
  A centaur skeleton (D:7)
  3 hounds
  2 orc priests
  2 bullfrog skeletons
  A gnoll shaman (D:8)
  2 jellies
  An iguana (D:6)
  2 orc wizards
  A hound skeleton (D:5)
  12 gnolls
  10 adders
  2 white imps (D:8)
  A worm (D:2)
  A dart slug (D:3)
  10 orcs
  6 ball pythons
  3 bats
  9 endoplasms
  2 giant cockroaches
  4 goblins
  4 hobgoblins
  4 jackals (D:1)
  11 kobolds
  6 quokkas
  5 frilled lizards
  4 rats
165 creatures vanquished.

Notes
Turn   | Place    | Note
-------+----------+-------------------------------------------
     0 | D:1      | bellerephron the Draconian Fighter began the quest for the
                  | Orb.
     0 | D:1      | Reached XP level 1. HP: 19/19 MP: 1/1
   455 | D:1      | Reached XP level 2. HP: 26/26 MP: 2/2
   857 | D:1      | Reached XP level 3. HP: 31/31 MP: 3/3
  1277 | D:2      | Found a faded altar of an unknown god.
  1365 | D:2      | Found Pemutz's Distillery.
  1384 | D:2      | Reached XP level 4. HP: 35/38 MP: 4/4
  1421 | D:2      | Found a burning altar of Makhleb.
  1906 | D:3      | Reached XP level 5. HP: 42/45 MP: 5/5
  1932 | D:3      | Found a hide-covered altar of Uskayaw.
  2592 | D:4      | Reached XP level 6. HP: 45/52 MP: 6/6
  2783 | D:5      | Entered Level 5 of the Dungeon
  2834 | D:5      | Noticed a water moccasin
  2854 | D:5      | Killed a water moccasin
  2855 | D:5      | Reached skill level 5 in Shields
  2894 | D:5      | Found Gicor's Lightly-Used Armoury.
  2905 | D:5      | Your scales start taking on a rich purple colour.
  2905 | D:5      | Reached XP level 7. HP: 59/59 MP: 7/7
  3004 | D:5      | Found an opulent altar of Gozag.
  3086 | D:5      | Reached skill level 5 in Long Blades
  3294 | D:5      | Identified the +8 chain mail "Akhlanil" {rElec rF- Str+2}
  3483 | D:6      | Reached XP level 8. HP: 60/67 MP: 8/8
  3629 | D:6      | Reached skill level 1 in Stealth
  3855 | D:6      | Noticed Eustachio
  3875 | D:6      | Killed Eustachio
  3876 | D:6      | Reached skill level 1 in Throwing
  4151 | D:6      | Reached skill level 5 in Fighting
  4179 | D:6      | Found a runed translucent door.
  4180 | D:6      | Noticed Crazy Yiuf
  4464 | D:7      | Found a hazy altar of Hepliaklqana.
  4576 | D:7      | Identified the +2 scale mail "Loinnew" {rPois}
  4592 | D:7      | Reached skill level 5 in Dodging
  4614 | D:7      | Noticed Joseph
  4805 | D:8      | Reached XP level 9. HP: 37/67 MP: 9/9
  4945 | D:8      | Found a shadowy altar of Dithmenos.
  4955 | D:8      | Became a worshipper of Dithmenos the Shadowed
  5054 | D:8      | Noticed Harold
  5070 | D:8      | Killed Harold
  5339 | D:7      | Killed Joseph
  5541 | D:7      | Found a staircase to the Ecumenical Temple.
  5547 | Temple   | Entered the Ecumenical Temple
  5780 | D:8      | Paralysed by a hornet for 3 turns
  6453 | D:9      | Reached XP level 10. HP: 61/83 MP: 12/12
  6685 | D:9      | Noticed Maurice
  6696 | D:9      | Killed Maurice
  6889 | D:9      | Found Areroasch's Serpentskin Sales.
  6951 | D:9      | Bought 2 curare-tipped darts for 15 gold pieces
  6951 | D:9      | Bought a ring of poison resistance for 260 gold pieces
  6998 | D:9      | Noticed Erica
  7018 | D:9      | Killed Erica
  7084 | D:9      | Reached * piety under Dithmenos
  7275 | D:9      | Paralysed by a hornet for 2 turns
  7282 | D:9      | Reached skill level 5 in Invocations
  7356 | D:9      | Noticed Gastronok
  7366 | D:9      | Slain by Gastronok

Illustrated notes

Levels and vault maps discovered:
D:1:      matt_arrival_refuge, layout_basic
D:2:      layout_basic, shapermc_ecumenical_altar_mp_vishouse, basic_altar,
          serial_shops, shop_fountains, minmay_misc_feat_ornament
D:3:      layout_rooms, mainiacjoe_overflow_alcove_2
D:4:      layout_loops_ring
D:5:      layout_gridville, nicolae_gozag_cash_rules_everything_around_me,
          serial_glass, glass_columns_a, glass_columns_a, minmay_shop_damaged,
          minmay_checkerbox
D:6:      layout_loops_corners, uniq_eustachio, uniq_crazy_yiuf_cottage
D:7:      layout_loops_ring, mainiacjoe_overflow_boulevard,
          minmay_temple_entry_enclosed_plants, uniq_joseph
D:8:      layout_loops_corners, nicolae_dithmenos_the_darkroom, uniq_harold
D:9:      layout_loops_corners, serial_bayou_pond_d, guppyfry_shop_venom,
          uniq_gastronok, uniq_erica, uniq_maurice
Temple:   compressed_dpeg_circular_temple

Skill      XL: |  1  2  3  4  5  6  7  8  9 10 |
---------------+-------------------------------+-----
Dodging        | 3 4 5 |  5.9
Shields        | 4 5 6 7 8 9 |  9.6
Long Blades    | 3 4 5 7 8 9 |  9.5
Fighting       | 4 5 6 |  6.8
Stealth        | 1 2 |  2.3
Throwing       | 1 2 3 |  3.1
Invocations    | 3 5 |  5.0

Action                   |  1- 3 |  4- 6 |  7- 9 | 10-12 || total
-------------------------+-------+-------+-------+-------++-------
Melee: Long sword        |   135 |   153 |   111 |       ||   399
       Tailslap          |    14 |    24 |    50 |    27 ||   115
       Scimitar          |       |       |   179 |   139 ||   318
Throw: Stone             |       |     1 |     5 |       ||     6
       Dart              |       |       |    34 |    13 ||    47
       Boomerang         |       |       |     3 |       ||     3
       Throwing net      |       |       |     2 |       ||     2
 Abil: Breathe Dispellin |       |       |     2 |     1 ||     3
Evoke: Wand              |       |       |       |     3 ||     3
  Use: Scroll            |       |       |    11 |     1 ||    12
       Potion            |       |       |     1 |     2 ||     3
 Stab: Sleeping          |       |       |     1 |       ||     1
       Held in net/web   |       |       |     1 |       ||     1
Armor: Skin              |    49 |    54 |   103 |    30 ||   236
Dodge: Dodged            |    65 |    64 |   156 |    42 ||   327
Block: Kite shield       |    70 |    77 |   179 |    55 ||   381
       Rpst.: Long sword |    20 |    21 |    11 |       ||    52
       Scimitar          |       |       |    21 |    18 ||    39
